 Dungeon Crawl Stone Soup version 0.31-a0-940-gdaa99269f9 (webtiles) character file.

Game seed: 6340698517581508609

4007 kae the Severer (level 10, -2/88 HPs)
             Began as a Hill Orc Fighter on Oct 20, 2023.
             Was a Follower of Qazlal.
             Slain by a gnoll sergeant
             ... wielding a +4 spear of flaming
              (8 damage)
             ... on level 9 of the Dungeon.
             The game lasted 00:07:32 (8195 turns).

kae the Severer (Hill Orc Fighter)                  Turns: 8195, Time: 00:07:32

Health: -2/88      AC:  9    Str: 26    XL:     10   Next: 23%
Magic:  12/14      EV:  5    Int:  8    God:    Qazlal [*.....]
Gold:   385        SH:  0    Dex: 10    Spells: 9/9 levels left

rFire   . . .        a - +1 war axe
rCold   + . .        c - +0 buckler
rNeg    . . .        b - +0 scale mail
rPois   +            u - +1 hat
rElec   .            z - +0 cloak
rCorr   +            (no gloves)
SInv    +            (no boots)
Will    .....        B - amulet of the Gazing Philosopher {Faith rC+ rCorr Str+2} Stlth
                     v - ring of see invisible
HPRegen 0.34/turn    P - ring of poison resistance
MPRegen 0.14/turn

%: faith
@: on berserk cooldown, held, slowed, very slow
A: no striking features
a: Renounce Religion


You were on level 9 of the Dungeon.
You worshipped Qazlal.
Qazlal was aware of your devotion.
You visited 2 branches of the dungeon, and saw 10 of its levels.

You collected 471 gold pieces.
You spent 86 gold pieces at shops.


   Skills:
 - Level 8.0 Fighting
 - Level 16.0 Axes
 - Level 3.2 Armour
 - Level 3.2 Shields
 + Level 5.6 Invocations
 - Level 0.6 Evocations


You had 9 spell levels left.
You didn't know any spells.
Your spell library contained the following spells:

 Spells                   Type           Power      Damage    Failure   Level
 Apportation              Tloc           0%         N/A       75%         1
 Jinxbite                 Hex            0%         N/A       87%         2
 Alistair's Intoxication  Tmut/Pois      0%         N/A       100%        5
 Malign Gateway           Summ/Tloc      0%         N/A       100%        7
 Summon Horrible Things   Summ           0%         N/A       100%        8

Inventory:

Hand Weapons
 a - a +1 war axe (weapon)
Missiles
 n - 4 throwing nets {=f!f}
 q - 56 stones
 r - 6 javelins
 s - 11 poisoned darts
 y - 3 atropa-tipped darts
 A - 3 boomerangs
 D - a curare-tipped dart {=f}
Armour
 b - a +0 scale mail (worn)
 c - a +0 buckler (worn)
 u - a +1 hat (worn)
   (You found it on level 3 of the Dungeon)
 z - a +0 cloak (worn)
   (You took it off Crazy Yiuf on level 3 of the Dungeon)
Magical Staves
 o - a staff of poison {!a}
   (You found it on level 2 of the Dungeon)
Jewellery
 v - a ring of see invisible (left hand)
   (You found it on level 3 of the Dungeon)
 B - the amulet of the Gazing Philosopher (around neck) {Faith rC+ rCorr Str+2}
   (You found it on level 6 of the Dungeon)

   [amulet of faith]

   Faith:     It allows you to gain divine favour quickly.
   Str+2:     It affects your strength (+2).
   rC+:       It protects you from cold.
   rCorr:     It protects you from acid and corrosion.
 F - a ring of fire
   (You found it on level 4 of the Dungeon)
 I - a +6 ring of intelligence
   (You found it on level 1 of the Dungeon)
 P - a ring of poison resistance (right hand)
   (You found it on level 1 of the Dungeon)
Wands
 l - a wand of light (13)
   (You took it off a gnoll on level 5 of the Dungeon)
 t - a wand of mindburst (10)
   (You found it on level 3 of the Dungeon)
Scrolls
 g - 5 scrolls of identify {@r1}
 h - 2 scrolls of vulnerability {!r!r}
 i - a scroll of amnesia
 k - 2 scrolls of enchant weapon
 w - 7 scrolls of teleportation {@r4}
 E - a scroll of blinking {!r}
 G - a scroll of revelation
 H - a scroll of poison
 J - a scroll of torment {!r}
Potions
 d - a potion of might
 e - a potion of curing {@q1}
 f - 2 potions of lignification {!q}
 j - 2 potions of attraction {!q}
 m - a potion of mutation {!q}
 p - a potion of brilliance
 x - a potion of resistance {unknown}

Dungeon Overview and Level Annotations

Branches:
Dungeon (9/15) Zot: 26947  Temple (1/1) D:7 Zot: 5959    Lair (0/5) D:8
    Orc: D:9-12

Altars:
Ashenzari
Cheibriados
Dithmenos
Elyvilon
Fedhas
Gozag
Hepliaklqana
Kikubaaqudgha
Makhleb
Nemelex Xobeh
Okawaru
Qazlal
Ru
Sif Muna
Trog
Uskayaw
Vehumet
Wu Jian
Xom
Yredelemnul
Zin
The Shining One

Shops:
D:1 (   D:3 : D:5

* #............
#.....>...#..
#.^..........
#............
#..........#
##......>.##
####....gg....##
.......g@g......
#######..).gg....##
#........†)......#
##.###.#..).."....#
#####..#
#.##........##
......##
#.###...<..##
....### ..#
######## .....# .##
....)# .#


You could see a gnoll sergeant and 5 gnolls.


Message History

You barely miss the killer bee. You closely miss the killer bee.
The killer bee stings you. The killer bee barely misses you.
A gnoll comes into view. It is wielding a +0 flail. 😕 HP[-4]
You take 4 damage, and now have 122/132 hp.
You completely miss the killer bee. You barely miss the orc wizard.
You closely miss the killer bee.
The killer bee stings you but does no damage.
The killer bee stings you.
You barely miss the killer bee. You barely miss the orc wizard.
You closely miss the killer bee. The killer bee closely misses you.
You block the orc wizard's attack. The killer bee misses you. 😕 HP[-3]
You take 3 damage, and now have 119/132 hp.
You miss the killer bee. You hit the orc wizard.
You barely miss the killer bee.
The killer bee stings you but does no damage.
The killer bee stings you.
You slash the killer bee!
You kill the killer bee!
Qazlal accepts your kill.
You slash the orc wizard!
You kill the orc wizard!
Qazlal accepts your kill.
You slash the killer bee!
You kill the killer bee!
Qazlal accepts your kill.
Joseph unwields a +0 quarterstaff.
Joseph wields a +0 sling.
Joseph shoots a sling bullet.
You block the sling bullet.
Your Invocations skill increases to level 4!
A gnoll comes into view. It is wielding a +0 halberd.
The gnoll shouts!
Things that are here:
a killer bee corpse; a killer bee corpse You closely miss Joseph.
Joseph unwields a +0 sling.
Joseph wields a +0 quarterstaff.
You block Joseph's attack.
You slash Joseph! You slice Joseph!!
A gnoll comes into view. It is wielding a +0 club.
A gnoll comes into view. It is wielding a +0 flail. 😕 HP[+1]
You closely miss Joseph.
The gnoll shouts!
Joseph completely misses you.
You hit Joseph but do no damage.
A gnoll comes into view. It is wielding a +0 club.
The gnoll sergeant hits you from afar with a +4 spear of flaming.
The gnoll sergeant burns you. 😕 HP[-6] MP[+1]
You take 6 damage, and now have 114/132 hp.
You hit Joseph. Joseph hits you but does no damage.
You slash Joseph! You block the gnoll sergeant's attack.
You slash Joseph! Joseph hits you with a +0 quarterstaff.
You slice Joseph!!
You kill Joseph!
Qazlal accepts your kill.
The gnoll sergeant hits you from afar with a +4 spear of flaming!
The gnoll sergeant burns you.
Your Invocations skill increases to level 5! 😮 HP[-22]
You take 22 damage, and now have 92/132 hp.
You are too injured to fight recklessly!
You are too injured to fight recklessly!
You are too injured to fight recklessly!
You are too injured to fight recklessly!
You are too injured to fight recklessly!
You are too injured to fight recklessly!
Unknown command.
Found a stone staircase leading down.
You hit the gnoll sergeant. You hit the gnoll.
The gnoll hits you from afar with a +0 halberd!
You block the gnoll's attack. 😮 HP[-8]
You take 8 damage, and now have 84/132 hp.
Unknown command.
You are no longer berserk.
You are exhausted.
You feel yourself slow down. 😮 HP[-28]
You now have 88 max hp (-44).
You hit the gnoll. You hit the gnoll sergeant. You barely miss the gnoll.
You hit the gnoll. The gnoll barely misses you. x2
The gnoll throws a throwing net.
The throwing net hits you.
You become entangled in the net!
The gnoll sergeant hits you with a +4 spear of flaming!
The gnoll sergeant burns you. The gnoll hits you with a +0 halberd!
* * * LOW HITPOINT WARNING * * *
You struggle against the net.
The gnoll sergeant hits you with a +4 spear of flaming!
* * * LOW HITPOINT WARNING * * *
The gnoll sergeant burns you.
* * * LOW HITPOINT WARNING * * *
The gnoll hits you with a +0 halberd.
* * * LOW HITPOINT WARNING * * *
The gnoll barely misses you. x2; The gnoll hits you with a +0 club.
* * * LOW HITPOINT WARNING * * *
The gnoll barely misses you. The gnoll hits you with a +0 halberd!
* * * LOW HITPOINT WARNING * * *
The gnoll sergeant hits you with a +4 spear of flaming!
You die...

Skill      XL: |  1  2  3  4  5  6  7  8  9 10 |
---------------+-------------------------------+-----
Axes           | 3 4 5 6 8 9 11 14 16 | 16.0
Fighting       | 8 |  8.0
Invocations    | 5 |  5.6
Armour         | |  3.2
Shields        | |  3.2
Evocations     | |  0.6

Action                     |  1- 3 |  4- 6 |  7- 9 | 10-12 || total
---------------------------+-------+-------+-------+-------++-------
  Melee: War axe           |    76 |   159 |   330 |    36 ||   601
  Evoke: Wand              |       |       |     4 |       ||     4
    Use: Scroll            |       |       |    21 |       ||    21
         Potion            |       |       |     5 |     1 ||     6
 Armour: Scale mail        |    55 |    95 |   253 |    32 ||   435
  Dodge: Dodged            |    38 |    50 |   150 |    15 ||   253
  Block: Buckler           |    16 |    28 |    65 |     7 ||   116

Levels and vault maps discovered:
D:1:      minmay_arrival_solitary_statue, layout_basic, serial_shops,
          nicolae_square_shop, chequers_ecumenical_altar_simple
D:2:      layout_loops_corners, basic_altar, minmay_split_cup_small, uniq_robin,
          uniq_sigmund
D:3:      layout_rooms, minmay_overflow_temple_star_quad, roderic_lattice_a,
          st_stairs_11, nicolae_shop_vocational, uniq_crazy_yiuf_cottage
D:4:      layout_basic, small_statue_intersection, uniq_blork_the_orc
D:5:      layout_cave_pools, serial_shops, nicolae_shop_window_shopping,
          lexackson_kobold_supper, uniq_grinder
D:6:      layout_basic
D:7:      layout_basic, mainiacjoe_overflow_paths, minmay_temple_entry_hall
D:8:      layout_loops_ring, lair_entry_dummy, abandoned_shop
D:9:      layout_rooms, skrybe_limestone_x, serial_bayou_crossing, uniq_joseph
Temple:   regret_index_temple_chain_breaker

Notes
Turn   | Place    | Note
-------+----------+-------------------------------------------
     0 | D:1      | kae the Hill Orc Fighter began the quest for the Orb.
     0 | D:1      | Reached XP level 1. HP: 19/19 MP: 1/1
     0 | D:1      | magus.rc [v1.11.3]
    23 | D:1      | Reached skill level 3 in Axes
   125 | D:1      | Reached XP level 2. HP: 26/26 MP: 2/2
   219 | D:1      | Reached skill level 4 in Axes
   245 | D:1      | Found a faded altar of an unknown god.
   313 | D:1      | Found Noyseur's Antique Weapon Boutique.
   447 | D:1      | Reached XP level 3. HP: 28/31 MP: 3/3
   781 | D:2      | Reached skill level 5 in Axes
   873 | D:2      | Noticed Robin
   888 | D:2      | Reached XP level 4. HP: 17/39 MP: 4/4
   891 | D:2      | Killed Robin
  1091 | D:2      | Reached skill level 6 in Axes
  1123 | D:2      | Found a hazy altar of Hepliaklqana.
  1339 | D:2      | Reached XP level 5. HP: 44/45 MP: 5/5
  1359 | D:2      | You pick up a book of Party Tricks and begin reading...
  1359 | D:2      | You add the spells Apportation, Jinxbite and Alistair's
                  | Intoxication to your library.
  1474 | D:2      | Reached skill level 7 in Axes
  1625 | D:2      | Noticed Sigmund
  1701 | D:2      | Killed Sigmund
  1702 | D:2      | Reached skill level 8 in Axes
  1702 | D:2      | Reached XP level 6. HP: 24/51 MP: 6/6
  2224 | D:3      | Found Wonlioqi's Vocational Training.
  2443 | D:3      | Found a runed translucent door.
  2444 | D:3      | Noticed Crazy Yiuf
  2538 | D:3      | Reached skill level 9 in Axes
  2736 | D:3      | Found a blossoming altar of Fedhas.
  2739 | D:3      | Found a burning altar of Makhleb.
  2745 | D:3      | Found an ancient bone altar of Kikubaaqudgha.
  2887 | D:3      | Killed Crazy Yiuf
  2888 | D:3      | Reached XP level 7. HP: 28/57 MP: 7/7
  3120 | D:4      | Noticed Blork the orc
  3131 | D:4      | HP: 8/57 [Blork the orc/magic dart (9)]
  3132 | D:4      | HP: 3/57 [Blork the orc/+2 scimitar of electrocution (5)]
  3134 | D:4      | Killed Blork the orc
  3135 | D:4      | Reached skill level 10 in Axes
  3900 | D:5      | Entered Level 5 of the Dungeon
  3900 | D:5      | Noticed Grinder
  3901 | D:5      | Paralysed by Grinder for 3 turns
  4180 | D:5      | Paralysed by Grinder for 4 turns
  4184 | D:5      | Killed Grinder
  4185 | D:5      | Reached skill level 11 in Axes
  4185 | D:5      | Reached XP level 8. HP: 61/64 MP: 8/8
  4207 | D:5      | You add the spells Malign Gateway and Summon Horrible
                  | Things to your library.
  4275 | D:5      | Reached skill level 12 in Axes
  4467 | D:5      | Found Jatwen's Assorted Antiques.
  4496 | D:5      | Bought a purple potion for 20 gold pieces
  4496 | D:5      | Bought a viscous cyan potion for 20 gold pieces
  4496 | D:5      | Bought a scroll of identify for 46 gold pieces
  5045 | D:6      | HP: 16/64 [acid (10)]
  5051 | D:5      | Reached skill level 13 in Axes
  5563 | D:6      | Identified the +4 ring mail "Cumogo" {rF+ Str+2 Dex+4}
  5979 | D:6      | Identified the amulet of the Gazing Philosopher {Faith rC+
                  | rCorr Str+2}
  6179 | D:7      | Found a hide-covered altar of Uskayaw.
  6270 | D:7      | Reached skill level 14 in Axes
  6308 | D:7      | Found a staircase to the Ecumenical Temple.
  6321 | D:7      | Reached XP level 9. HP: 65/70 MP: 9/9
  6328 | Temple   | Entered the Ecumenical Temple
  6348 | Temple   | Became a worshipper of Qazlal Stormbringer
  6678 | D:7      | Reached skill level 15 in Axes
  6891 | D:8      | HP: 15/67 [wight/+0 falchion (5)]
  7182 | D:8      | Reached skill level 16 in Axes
  7190 | D:8      | HP: 14/67 [gnoll/+0 flail[a gnoll bouda] (6)]
  7192 | D:8      | Reached skill level 4 in Fighting
  7199 | D:8      | HP: 13/71 [gnoll/+0 halberd[a gnoll bouda] (5)]
  7202 | D:8      | Reached * piety under Qazlal
  7347 | D:8      | Found a staircase to the Lair.
  7349 | D:8      | Reached skill level 5 in Fighting
  7467 | D:8      | Noticed a meliai
  7467 | D:8      | Noticed a meliai
  7467 | D:8      | Noticed a meliai
  7471 | D:8      | Killed a meliai
  7472 | D:8      | Reached skill level 6 in Fighting
  7475 | D:8      | Killed a meliai
  7476 | D:8      | Reached skill level 7 in Fighting
  7481 | D:8      | HP: 21/118 [meliai/divine providence (17)]
  7482 | D:8      | Killed a meliai
  7483 | D:8      | Reached skill level 8 in Fighting
  7483 | D:8      | Reached XP level 10. HP: 21/88 MP: 10/10
  7486 | D:8      | HP: 9/88 [poisoned by a meliai]
  7832 | D:8      | Reached skill level 2 in Invocations
  8167 | D:9      | Noticed Joseph
  8172 | D:9      | Reached skill level 3 in Invocations
  8181 | D:9      | Reached skill level 4 in Invocations
  8190 | D:9      | Killed Joseph
  8191 | D:9      | Reached skill level 5 in Invocations
  8195 | D:9      | HP: 22/88 [gnoll sergeant/+4 spear of flaming (4)]
  8195 | D:9      | HP: 6/88 [gnoll/+0 halberd[a gnoll sergeant] (13)]
  8195 | D:9      | Slain by a gnoll sergeant

Vanquished Creatures
  Joseph (D:9)
  3 meliai (D:8)
  Grinder (D:5)
  Sigmund (D:2)
  A steam dragon (D:8)
  A water moccasin (D:8)
  An ice beast (D:7)
  An orc warrior (D:8)
  A sky beast (D:7)
  A centaur (D:7)
  Blork the orc (D:4)
  2 kobold brigands
  A bullfrog (D:8)
  A scorpion (D:3)
  11 wights
  5 killer bees (D:9)
  2 hounds (D:5)
  Crazy Yiuf (D:3)
  An orc priest (D:4)
  3 jellies
  3 gnoll boudas
  4 iguanas
  6 orc wizards
  15 gnolls
  Robin (D:2)
  10 adders
  2 shadow imps
  4 white imps
  3 worms
  2 dart slugs (D:2)
  31 orcs
  7 ball pythons
  7 bats
  3 endoplasms
  2 giant cockroaches
  19 goblins
  4 hobgoblins
  7 jackals
  16 kobolds
  3 quokkas
  4 frilled lizards
  9 rats
202 creatures vanquished.

Table legend:
 A = Non-vault XP
 B = Vault XP
 C = Vault XP percentage of total XP
 D = Non-vault monster count
 E = Vault monster count
 F = Vault count percentage of total count
                 A         B        C        D         E       F
            +---------+---------+-------+---------+---------+-------
      Total |    4498 |    1227 |  21.4 |     171 |      31 |  15.3
            +---------+---------+-------+---------+---------+-------
        D:1 |      34 |       0 |   0.0 |      19 |       0 |   0.0
        D:2 |     142 |     255 |  64.2 |      33 |      16 |  32.7
        D:3 |     141 |      50 |  26.2 |      20 |       4 |  16.7
        D:4 |     260 |     100 |  27.8 |      20 |       1 |   4.8
        D:5 |     419 |     372 |  47.0 |      21 |       9 |  30.0
        D:6 |     193 |       0 |   0.0 |      11 |       0 |   0.0
        D:7 |     909 |       0 |   0.0 |      16 |       0 |   0.0
        D:8 |    2010 |       0 |   0.0 |      22 |       0 |   0.0
        D:9 |     390 |     450 |  53.6 |       9 |       1 |  10.0
            +---------+---------+-------+---------+---------+-------

Skill      XL: |  1  2  3  4  5  6  7  8  9 10 |
---------------+-------------------------------+-----
Axes           | 3 4 5 6 8 9 11 14 16 | 16.0
Fighting       | 8 |  8.0
Invocations    | 5 |  5.6
Armour         | |  3.2
Shields        | |  3.2
Evocations     | |  0.6

Action                     |  1- 3 |  4- 6 |  7- 9 | 10-12 || total
---------------------------+-------+-------+-------+-------++-------
  Melee: War axe           |    76 |   159 |   330 |    36 ||   601
  Evoke: Wand              |       |       |     4 |       ||     4
    Use: Scroll            |       |       |    21 |       ||    21
         Potion            |       |       |     5 |     1 ||     6
 Armour: Scale mail        |    55 |    95 |   253 |    32 ||   435
  Dodge: Dodged            |    38 |    50 |   150 |    15 ||   253
  Block: Buckler           |    16 |    28 |    65 |     7 ||   116

Illustrated notes

Table legend:
 A = Kills in this place as a percentage of kills in the entire game.
 B = Kills by you in this place as a percentage of kills by you in the entire game.
 C = Kills by friends in this place as a percentage of kills by friends in the entire game.
 D = Other kills in this place as a percentage of other kills in the entire game.
 E = Experience gained in this place as a percentage of experience gained in the entire game.
 F = Experience gained in this place divided by the number of levels of this place that you have seen.
                   A       B       C       D       E      F
               +-------+-------+-------+-------+-------+----------------------
         Total | 100.0 | 100.0 |   N/A |   N/A | 100.0 | 572.5
       Dungeon | 100.0 | 100.0 |   N/A |   N/A | 100.0 | 636.1
               +-------+-------+-------+-------+-------+----------------------

Table legend: (Time is in decaauts)
 A = Elapsed time spent in this place.
 B = Non-inter-level travel time spent in this place.
 C = Inter-level travel time spent in this place.
 D = Time resting spent in this place.
 E = Time spent auto-exploring this place.
 F = Levels seen in this place.
 G = Mean time per level.
                   A        B        C        D        E       F      G
               +--------+--------+--------+--------+--------+-----+--------+
         Total |   8203 |   7861 |    342 |    825 |   5864 |  10 |  820.3 |
       Dungeon |   8162 |   7860 |    302 |    825 |   5864 |   9 |  906.9 |
        Temple |     40 |      1 |     39 |      0 |      0 |   1 |   40.0 |
               +--------+--------+--------+--------+--------+-----+--------+

Top non-repeatable levels by time:
     D:2: 1404 daAuts
     D:8: 1256 daAuts
     D:5: 1230 daAuts
     D:4: 1102 daAuts
     D:3: 932 daAuts
     D:1: 746 daAuts
     D:6: 744 daAuts
     D:7: 695 daAuts
     D:9: 50 daAuts
  Temple: 40 daAuts
